 Dungeon Crawl Stone Soup version 0.29.1-2-gbd0b4ee654 (webtiles) character file.

Game seed: 10086133296352004614

3198 hawla the Frost Mage (level 10, -10/75 HPs)
             Began as a Meteoran Ice Elementalist on Nov 25, 2022.
             Was a Follower of Vehumet.
             Shot with an arrow by a centaur warrior (24 damage)
             ... on level 8 of the Dungeon.
             The game lasted 00:18:11 (4254 turns).

hawla the Frost Mage (Meteoran Ice Elementalist)    Turns: 4254, Time: 00:18:12

Health: -10/75     AC:  5    Str: 10    XL:     10   Next: 39%
Magic:  31/33      EV: 17    Int: 22    God:    Vehumet [*.....]
Gold:   326        SH:  0    Dex: 14    Spells: 19/27 levels left

rFire   . . .      SeeInvis .   e - +0 demon whip (venom)
rCold   . . .      Faith    .   (no shield)
rNeg    . . .      Spirit   .   a - +1 robe
rPois   .          Reflect  .   (no helmet)
rElec   .          Harm     .   B - +0 cloak
rCorr   .          Rampage  .   (no gloves)
Will    +....                   b - +0 pair of boots
Stlth   +.........              (no amulet)
HPRegen 0.22/turn               d - +4 ring of evasion
MPRegen 0.23/turn               i - ring of magical power

@: freezing walls, glowing
A: sense surroundings 2, otherworldly, glowing, explore regen
a: Renounce Religion


You were on level 8 of the Dungeon.
You worshipped Vehumet.
Vehumet was aware of your devotion.
You visited 2 branches of the dungeon, and saw 9 of its levels.

You collected 326 gold pieces.

Inventory:

Hand Weapons
 e - a +0 demon whip of venom (weapon)
 l - a +0 falchion of protection
Armour
 a - a +1 robe (worn)
 b - a +0 pair of boots (worn)
 B - a +0 cloak (worn)
Jewellery
 d - a +4 ring of evasion (left hand)
 h - a +4 ring of protection
 i - a ring of magical power (right hand)
 z - a ring of poison resistance
 C - a ring of wizardry
Wands
 n - a wand of iceblast (8)
 o - a wand of mindburst (9)
 v - a wand of paralysis (12)
 y - a wand of polymorph (6)
Scrolls
 f - a scroll of summoning
 m - a scroll of fog
 p - 2 scrolls of teleportation
 q - 2 scrolls of amnesia
 s - a scroll of fear
 t - a scroll of magic mapping {unknown}
 u - 4 scrolls of identify
 x - a scroll of enchant armour
 A - a scroll of poison {unknown}
Potions
 c - 2 potions of haste
 g - a potion of might
 j - 2 potions of lignification
 k - 3 potions of brilliance
 r - a potion of invisibility
 D - a potion of ambrosia {unknown}


   Skills:
 + Level 2.8 Fighting
 + Level 3.9 Long Blades
 + Level 0.3 Maces & Flails
 + Level 4.6 Dodging
 - Level 1.4 Stealth
 + Level 9.2 Spellcasting
 + Level 8.0 Conjurations
 + Level 9.2 Ice Magic


You had 19 spell levels left.
You knew the following spells:

 Your Spells              Type           Power      Damage    Failure   Level
a - Freeze                Ice            100%       1d11      1%          1
b - Frozen Ramparts       Ice            100%       1d16      1%          3
c - Hailstorm             Conj/Ice       48%        3d11      1%          4

Your spell library contained the following spells:

 Spells                   Type           Power      Damage    Failure   Level
 Magic Dart               Conj           100%       1d8       1%          1
 Shock                    Conj/Air       100%       1d9       1%          1
 Ozocubu's Armour         Ice            50%        N/A       1%          3
 Stone Arrow              Conj/Erth      54%        3d10      3%          3
 Gell's Gravitas          Tloc           10%        N/A       21%         3
 Swiftness                Air            10%        N/A       21%         3
 Teleport Other           Tloc           10%        N/A       21%         3
 Airstrike                Air            5%         2d(1-17)  54%         4
 Animate Armour           Summ/Erth      20%        N/A       54%         4
 Dispersal                Tloc           5%         N/A       100%        6
 Lehudib's Crystal Spear  Conj/Erth      13%        10d5      100%        8


Dungeon Overview and Level Annotations

Branches:
Dungeon (8/15) Zot: 682    Temple (1/1) D:5 Zot: 419
   Lair: D:8-11

Altars:
Dithmenos
Elyvilon
Fedhas
Gozag
Kikubaaqudgha
Makhleb
Okawaru
Qazlal
Ru
Sif Muna
Uskayaw
Vehumet
Wu Jian
Yredelemnul
The Shining One

Shops:
D:6 (

Annotations:
D:4 1 runed translucent door, hawla's ghost, amateur DENe


Innate Abilities, Weirdness & Mutations

You passively map the area around you.
You are easily found by Zot.
You glow in the dark.
You regain HP and MP as you explore.


Message History

You hear an angry buzzing noise.
The centaur warrior wields a +0 shortbow.
The centaur warrior shoots an arrow.
The arrow barely misses you.
Aiming: Mindburst
Press: ? - help, Shift-Dir - straight line, f/p - centaur warrior
Aim: a centaur warrior, wielding a +0 shortbow (chance to affect: 47%)
The centaur warrior resists with some effort.
A killer bee comes into view.
The centaur warrior shoots an arrow.
The arrow hits you!!
* * * LOW HITPOINT WARNING * * *
Aiming: Mindburst
Press: ? - help, Shift-Dir - straight line, f/p - centaur warrior
Aim: a centaur warrior, wielding a +0 shortbow (chance to affect: 47%)
The centaur warrior resists with some effort.
Unknown command.
Aiming: Mindburst
Press: ? - help, Shift-Dir - straight line, f/p - centaur warrior
Aim: a centaur warrior, wielding a +0 shortbow (chance to affect: 47%)
The killer bee struggles to resist.
Unknown command.
The frozen ramparts melt away.
Unknown command.
Casting: Frozen Ramparts (safe; 1% risk of failure)
Confirm with . or Enter, or press ? or * to list all spells.
Casting: Frozen Ramparts (safe; 1% risk of failure)
Press: ? - help, Dir - look around, f - activate The walls around you are covered in ice.
The wall freezes the killer bee!
The killer bee misses you.
The wall freezes the centaur warrior.
The wall freezes the killer bee.
The killer bee misses you.
The wall freezes the centaur warrior.
The wall freezes the killer bee!
You kill the killer bee!
Vehumet accepts your kill.
You feel your power returning.
The wall freezes the centaur warrior.
The centaur warrior shoots an arrow.
The arrow hits you!
* * * LOW HITPOINT WARNING * * *
Unknown command.
You feel better.
The wall freezes the centaur warrior.
The centaur warrior shoots an arrow.
The arrow hits you!!
You die...

.#.#.#.#.#.#.#.#.#.# #
,
..#.#.#.#.#.#.#.#.##.
, .#.#.#.#.#.#.#.#(#..
*, *
..#.#.#.#.#.#.#.#.###
.#.#.#.#.#.#.#.#.#..
#.#.#.#.#.#.#.#.#.###*
* .#.#.#.#.#.#.#.#.#.#
, , ,
#.#.#.#.#.#.####.###,
, .#.#.#.#.#.#.#..@#
*, * ,,,
#.#.#.#.#.#.##.#)# * ,
,, .#.#.#.#.#.#.#..c#
, , ,
#.#.#.#.#)#+##.#.# * ,
, , ...#.#.#.....#...#
, ,
...######....#,#.#, ,,
......# #....#,..# *
..###.# #....# #.#,, ,
, ..# *,# #....#, , ,


You could see a centaur warrior.

Vanquished Creatures
  Amaemon (D:8)
  A kobold demonologist (D:8)
  2 water moccasins
  A sky beast (D:6)
  2 ogres
  2 centaurs
  A phantom (D:7)
  A gnoll sergeant (D:7)
  A bullfrog (D:8)
  3 scorpions
  3 wights (D:7)
  6 killer bees
  3 howler monkeys
  3 orc priests
  4 hounds
  A jelly (D:6)
  A gnoll bouda (D:7)
  4 iguanas
  3 orc wizards
  10 adders
  14 gnolls
  A shadow imp (D:7)
  An ufetubus (D:4)
  16 orcs
  3 bats
  10 endoplasms
  6 giant cockroaches
  5 goblins
  8 hobgoblins
  14 jackals
  2 quokkas (D:3)
  3 training dummies (D:6)
  A ball python (D:3)
  A frilled lizard (D:3)
  6 kobolds
  6 rats
150 creatures vanquished.

Vanquished Creatures (collateral kills)
  A phantom (D:5)
1 creature vanquished.

Vanquished Creatures (others)
  11 plants (D:4)
11 creatures vanquished.

Grand Total: 162 creatures vanquished

Notes
Turn   | Place    | Note
-------+----------+-------------------------------------------
     0 | D:1      | hawla the Meteoran Ice Elementalist began the quest for the
                  | Orb.
     0 | D:1      | Reached XP level 1. HP: 14/14 MP: 5/5
     1 | D:1      | Found a runed translucent door.
    34 | D:1      | Reached XP level 2. HP: 9/20 MP: 0/6
   317 | D:1      | Reached skill level 5 in Ice Magic
   317 | D:1      | Reached XP level 3. HP: 6/26 MP: 4/8
   321 | D:1      | Learned a level 3 spell: Frozen Ramparts
   407 | D:1      | Reached XP level 4. HP: 17/33 MP: 3/9
   500 | D:1      | Glimpsed the power of Zot.
   683 | D:2      | Found a stormy altar of Qazlal.
  1000 | D:3      | Reached XP level 5. HP: 38/38 MP: 1/11
  1029 | D:3      | Learned a level 4 spell: Hailstorm
  1173 | D:3      | Reached XP level 6. HP: 45/45 MP: 8/12
  2032 | D:4      | Reached skill level 5 in Conjurations
  2040 | D:4      | Reached XP level 7. HP: 44/50 MP: 5/13
  2196 | D:4      | Found a runed translucent door.
  2196 | D:4      | Noticed a yak
  2196 | D:4      | Noticed hawla's ghost (amateur DENe)
  2273 | D:4      | Glimpsed the power of Zot.
  2323 | D:4      | Glimpsed the power of Zot.
  2334 | D:5      | Entered Level 5 of the Dungeon
  2627 | D:5      | Reached XP level 8. HP: 45/57 MP: 14/14
  2638 | D:5      | Found a staircase to the Ecumenical Temple.
  2652 | Temple   | Entered the Ecumenical Temple
  2814 | Temple   | Became a worshipper of Vehumet
  3048 | D:5      | Glimpsed the power of Zot.
  3124 | D:6      | Reached skill level 1 in Long Blades
  3124 | D:6      | Reached skill level 5 in Spellcasting
  3243 | D:6      | Reached skill level 1 in Fighting
  3289 | D:6      | Found Wuoptufane's Firing Range.
  3443 | D:6      | Gained mutation: You passively map the area around you.
                  | [Meteoran growth]
  3443 | D:6      | Reached XP level 9. HP: 34/64 MP: 19/19
  3642 | D:6      | Glimpsed the power of Zot.
  3680 | D:7      | Reached * piety under Vehumet
  3680 | D:7      | Offered knowledge of Magic Dart by Vehumet.
  3931 | D:7      | Found a hide-covered altar of Uskayaw.
  4141 | D:8      | Noticed Amaemon
  4145 | D:8      | Reached XP level 10. HP: 49/73 MP: 23/23
  4157 | D:8      | Killed Amaemon
  4207 | D:8      | Noticed an orange demon
  4236 | D:8      | Noticed a kobold demonologist
  4242 | D:8      | Killed a kobold demonologist
  4246 | D:8      | Noticed a centaur warrior
  4254 | D:8      | Shot with an arrow by a centaur warrior

Illustrated notes

Levels and vault maps discovered:
D:1:      dpeg_arrival_caged_fury, layout_loops_corners,
          shapermc_ecumenical_altar_mp_urbaneastern, minmay_misc_feat_cross
D:2:      layout_basic, basic_altar
D:3:      layout_loops_ring
D:4:      layout_loops_corners, ebering_ghost_inner_flame, serial_bayou_lake_a,
          uniq_crazy_yiuf_cottage
D:5:      layout_loops_ring, minmay_temple_entry_antechambers
D:6:      layout_loops_cross, nicolae_shop_firing_range
D:7:      layout_rooms, nicolae_uskayaw_murder_on_the_dancefloor
D:8:      layout_basic, nzn_hepliaklqana_mist_gate, hangedman_minor_gate_pass,
          uniq_grum, uniq_maggie, uniq_amaemon
Temple:   bh_familiar_temple

Skill      XL: |  1  2  3  4  5  6  7  8  9 10 |
---------------+-------------------------------+-----
Ice Magic      | 5 6 7 8 9 |  9.2
Spellcasting   | 3 6 8 9 |  9.2
Conjurations   | 3 5 7 8 |  8.0
Dodging        | 3 4 |  4.6
Long Blades    | 2 3 |  3.9
Fighting       | 1 2 |  2.8
Maces & Flails | |  0.3
Stealth        | |  1.4

Action                   |  1- 3 |  4- 6 |  7- 9 | 10-12 || total
-------------------------+-------+-------+-------+-------++-------
Melee: Unarmed           |     1 |    20 |     4 |       ||    25
       Punch             |       |     1 |     1 |       ||     2
       Falchion          |       |       |    94 |     3 ||    97
       Demon whip        |       |       |       |     3 ||     3
 Cast: Freeze            |    20 |    22 |    19 |     5 ||    66
       Frozen Ramparts   |     2 |    35 |    30 |     3 ||    70
       Hailstorm         |       |     1 |    10 |       ||    11
Evoke: Wand              |       |       |       |     4 ||     4
  Use: Potion            |     2 |       |     2 |     4 ||     8
       Scroll            |       |     6 |    10 |       ||    16
Armor: Robe              |     4 |    10 |    37 |     6 ||    57
       Skin              |       |       |       |     6 ||     6
Dodge: Dodged            |     9 |    32 |   102 |    16 ||   159
